 Dungeon Crawl Stone Soup version 0.22-a0-422-g9628fc8 (webtiles) character file.

11 galech the Stinger (level 2, -1/23 HPs)
             Began as a Gnoll Wanderer on May 16, 2018.
             Slain by a jackal (3 damage)
             ... on level 1 of the Dungeon.
             The game lasted 00:01:27 (216 turns).

galech the Stinger (Gnoll Wanderer)                  Turns: 216, Time: 00:01:27

Health: -1/23      AC:  2    Str: 15    XL:     2   Next: 29%
Magic:  5/5        EV: 13    Int: 13    God:
Gold:   0          SH:  0    Dex: 14    Spells: 6/6 levels left

rFire    . . .     SeeInvis .   e - +0 club
rCold    . . .     Gourm    .   (no shield)
rNeg     . . .     Faith    .   d - +0 robe
rPois    .         Spirit   .   (no helmet)
rElec    .         Reflect  .   (no cloak)
rCorr    .         Harm     .   (no gloves)
MR       .....                  (no boots)
Stlth    +.........             (no amulet)
HPRegen  0.07/turn              (no ring)
MPRegen  0.09/turn              (no ring)

@: no status effects
A: distributed training, fangs 1, strong nose
a: no special abilities


You were on level 1 of the Dungeon.
You were not hungry.

You visited 1 branch of the dungeon, and saw 1 of its levels.

Inventory:

Hand Weapons
 e - a +0 club (weapon)
Armour
 d - a +0 robe (worn)
Scrolls
 b - a scroll of blinking {unknown}
Potions
 c - a potion of flight {unknown}
Comestibles
 a - 6 chunks of flesh
 f - a ration


   Skills:
 + Level 2.4 Fighting
 + Level 0.3 Short Blades
 + Level 2.4 Long Blades
 + Level 0.3 Axes
 + Level 0.3 Maces & Flails
 + Level 0.3 Polearms
 + Level 0.3 Staves
 + Level 0.3 Slings
 + Level 0.3 Bows
 + Level 0.3 Crossbows
 + Level 2.4 Throwing
 + Level 0.3 Armour
 + Level 2.4 Dodging
 + Level 0.3 Stealth
 + Level 2.4 Shields
 + Level 0.3 Unarmed Combat
 + Level 2.7 Spellcasting
 + Level 0.2 Conjurations
 + Level 2.0 Hexes
 + Level 0.2 Charms
 + Level 0.2 Summonings
 + Level 0.2 Necromancy
 + Level 0.2 Translocations
 + Level 0.2 Transmutations
 + Level 0.2 Fire Magic
 + Level 0.2 Ice Magic
 + Level 0.2 Air Magic
 + Level 0.2 Earth Magic
 + Level 5.3 Poison Magic
 + Level 0.4 Invocations
 + Level 0.3 Evocations


You had 6 spell levels left.
You didn't know any spells.
Your spell library contained the following spells:

 Spells                   Type           Power        Failure   Level  Hunger
 Mephitic Cloud           Conj/Pois/Air  #.......     32%         3    ###....
 Venom Bolt               Conj/Pois      #.........   91%         5    ######.
 Olgreb's Toxic Radiance  Pois           ###.....     26%         4    #####..
 Sting                    Conj/Pois      #...         8%          1    #......
 Stone Arrow              Conj/Erth      #.....       54%         3    ###....
 Ignite Poison            Fire/Tmut/Pois #.......     32%         3    ###....
 Sandblast                Erth           #.....       22%         1    #......
 Poisonous Vapours        Pois/Air       #.....       12%         2    ###....


Dungeon Overview and Level Annotations

Branches:
Dungeon (1/15)

Altars:


Innate Abilities, Weirdness & Mutations

Your experience applies equally to all skills.
You have very sharp teeth.
Your uncanny sense of smell can sniff out nearby items.


Message History

You kill the hobgoblin!
The jackal bites you.
* * * LOW HITPOINT WARNING * * *
The jackal bites you.
* * * LOW HITPOINT WARNING * * *
You hit the jackal.
The jackal is severely wounded.
The jackal closely misses you. The jackal bites you.
* * * LOW HITPOINT WARNING * * *
You barely miss the jackal.
The jackal is severely wounded.
The jackal barely misses you. The jackal closely misses you.
You hit the jackal but do no damage.
The jackal is severely wounded.
The jackal barely misses you.
The jackal bites you but does no damage.
You hit the jackal but do no damage.
The jackal is severely wounded.
The jackal bites you.
You die...

..... ... .#..# #.#
#.# .#..# #.# ##.##
.#..# #.####...###
.#..####..........
................# #
...............# ##.#
##†............###...#
###.####........@h†..#
###.####.....#.###.#.#
......##.....#.# >#
....#.##..####.# .#
####.....)# #.. .. #
#..##.## ### .#
####..##.# ##
..##..#..# ...#..#.##
∆


You could see a jackal.

Vanquished Creatures
  A leopard gecko (D:1)
  2 bats (D:1)
  2 hobgoblins (D:1)
  2 kobolds (D:1)
  A frilled lizard (D:1)
  A goblin (D:1)
  A rat (D:1)
10 creatures vanquished.

Notes
Turn   | Place    | Note
-------+----------+-------------------------------------------
     0 | D:1      | galech the Gnoll Wanderer began the quest for the Orb.
     0 | D:1      | galech set off with: a +0 robe, a +0 club, a ration
     0 | D:1      | Reached XP level 1. HP: 17/17 MP: 4/4
   157 | D:1      | Reached XP level 2. HP: 15/23 MP: 5/5
   216 | D:1      | Slain by a jackal

Vault maps used:
D:1:      noname_arrival_rooms_in_the_neighbourhood, glass_columns_b

Skill      XL: |  1 |
---------------+----+-----
Hexes          | 2 |  2.0
Fighting       | |  2.4
Short Blades   | |  0.3
Long Blades    | |  2.4
Axes           | |  0.3
Maces & Flails | |  0.3
Polearms       | |  0.3
Staves         | |  0.3
Slings         | |  0.3
Bows           | |  0.3
Crossbows      | |  0.3
Throwing       | |  2.4
Armour         | |  0.3
Dodging        | |  2.4
Stealth        | |  0.3
Shields        | |  2.4
Unarmed Combat | |  0.3
Spellcasting   | |  2.7
Conjurations   | |  0.2
Charms         | |  0.2
Summonings     | |  0.2
Necromancy     | |  0.2
Translocations | |  0.2
Transmutations | |  0.2
Fire Magic     | |  0.2
Ice Magic      | |  0.2
Air Magic      | |  0.2
Earth Magic    | |  0.2
Poison Magic   | |  5.3
Invocations    | |  0.4
Evocations     | |  0.3

Action                   || total
-------------------------++-------
Melee: Club              ||    44
       Bite              ||     2
Armor: Robe              ||     9
Dodge: Dodged            ||    46

Table legend:
 A = Spawn XP
 B = Non-spawn XP
 C = Spawn XP percentage of total XP
 D = Spawn monster count
 E = Non-spawn monster count
 F = Spawn count percentage of total count
 G = Total turns spent on level
                    A         B        C        D         E        F      G
               +---------+---------+-------+---------+---------+-------+---------
         Total |       0 |      17 |   0.0 |       0 |      10 |   0.0 |   216
               +---------+---------+-------+---------+---------+-------+---------
           D:1 |       0 |      17 |   0.0 |       0 |      10 |   0.0 |   216
               +---------+---------+-------+---------+---------+-------+---------
